 Dungeon Crawl Stone Soup version 0.28.0-45-g0d030f2227 (webtiles) character file.

Game seed: 14556615262675156400

2151 terff the Chopper (level 9, -18/68 HPs)
             Began as a Demonspawn Monk on Apr 9, 2022.
             Was a Believer of Okawaru.
             Demolished by a very large slime creature (36 damage)
             ... on level 7 of the Dungeon.
             The game lasted 00:19:50 (8620 turns).

terff the Chopper (Demonspawn Monk)                 Turns: 8620, Time: 00:19:53

Health: -18/68     AC: 15    Str: 15    XL:     9   Next: 10%
Magic:  7/9        EV: 16    Int: 12    God:    Okawaru [**....]
Gold:   326        SH:  6    Dex: 20    Spells: 8/8 levels left

rFire   . . .      SeeInvis .   i - +2 hand axe (freeze)
rCold   . . .      Faith    .   u - +0 buckler
rNeg    . . .      Spirit   .   o - +3 ring mail "Mamaur" {Dex+4}
rPois   .          Reflect  .   j - +1 helmet
rElec   .          Harm     .   v - +0 cloak
rCorr   .          Rampage  .   (no gloves)
Will    .....                   (no boots)
Stlth   ++++......              (no amulet)
HPRegen 0.21/turn               (no ring)
MPRegen 0.11/turn               (no ring)

@: heroic
A: foul stench 3, sharp scales 1, weakness stinger 1
a: Renounce Religion, Heroism


You were on level 7 of the Dungeon.
You worshipped Okawaru.
Okawaru was pleased with you.
You visited 2 branches of the dungeon, and saw 8 of its levels.
You also visited: Ossuary.

You collected 326 gold pieces.

Inventory:

Hand Weapons
 a - a +0 hand axe
 i - a +2 hand axe of freezing (weapon)
Armour
 d - a +0 ring mail of positive energy
 j - a +1 helmet (worn)
 o - the +3 ring mail "Mamaur" (worn) {Dex+4}
   (You found it on level 4 of the Dungeon)

   Dex:       It affects your dexterity (+4).
 p - a +3 leather armour of cold resistance
 r - a +0 chain mail of fire resistance
 u - a +0 buckler (worn)
 v - a +0 cloak (worn)
Jewellery
 n - an amulet of guardian spirit
Wands
 e - a wand of iceblast (8)
 m - a wand of flame (8)
 x - a wand of polymorph (5)
Scrolls
 b - 2 scrolls of teleportation
 q - a scroll of vulnerability
Potions
 c - a potion of brilliance {unknown}
 f - a potion of lignification {unknown}
 g - 2 potions of attraction {unknown}
 h - 5 potions of curing
 k - 2 potions of heal wounds
 l - a potion of magic {unknown}
 s - 2 potions of haste {unknown}
 t - a potion of might {unknown}
 w - a potion of ambrosia {unknown}


   Skills:
 + Level 5.6(10.6) Fighting
 + Level 7.8(12.8) Axes
 + Level 4.7(9.7) Armour
 + Level 4.9(9.9) Dodging
 + Level 3.2(8.2) Stealth
 + Level 0.1(5.1) Shields


You had 8 spell levels left.
You didn't know any spells.
Your spell library contained the following spells:

 Spells                   Type           Power      Damage    Failure   Level
 Magic Dart               Conj           0%         1d3       58%         1
 Mephitic Cloud           Conj/Pois/Air  0%         N/A       91%         3
 Call Imp                 Summ           Unusable   N/A       N/A         2

Dungeon Overview and Level Annotations

Branches:
Dungeon (7/15)             Temple (1/1) D:6         Ossuary (visited)

Altars:
Ashenzari
Fedhas
Gozag
Hepliaklqana
Nemelex Xobeh
Okawaru
Sif Muna
Xom


Innate Abilities, Weirdness & Mutations

You frequently emit foul miasma when damaged in melee.
You are partially covered in razor-sharp scales. (AC +1, Slay +1)
You have a small tail.


Message History

You hit the slime creature. You freeze the slime creature.
You block the slime creature's attack. The slime creature hits you.
You hit the slime creature. You freeze the slime creature.
The slime creature is heavily wounded.
You hit the slime creature. You freeze the slime creature.
The slime creature barely misses you.
The slime creature hits you but does no damage.
A slime creature comes into view.
You hit the slime creature but do no damage.
The slime creature is heavily wounded.
You barely miss the slime creature. x2; The slime creature misses you.
Two slime creatures merge to form a large slime creature.
The slime creature misses you.
You hit the large slime creature. You freeze the large slime creature.
The large slime creature is moderately wounded.
You barely miss the slime creature. You hit the slime creature.
You freeze the slime creature. The slime creature barely misses you.
Two slime creatures merge to form a very large slime creature.
The slime creature hits you!
You completely miss the very large slime creature.
You tail-slap the very large slime creature.
The very large slime creature is moderately wounded.
You hit the iguana.
The iguana seems to slow down.
You freeze the iguana. You hit the slime creature.
You freeze the slime creature. You hit the slime creature.
You freeze the slime creature. You block the slime creature's attack.
The iguana closely misses you. The slime creature hits you!
You emit a cloud of foul miasma!
You feel much better.
The iguana is no longer moving slowly.
The slime creature hits you! The very large slime creature hits you!
The slime creature is engulfed in dark miasma.
The slime creature is poisoned.
The slime creature seems to slow down.
You block the slime creature's attack.
You gain the combat prowess of a mighty hero.
The slime creature hits you!
* * * LOW HITPOINT WARNING * * *
The iguana bites you.
* * * LOW HITPOINT WARNING * * *
The very large slime creature hits you!!!
Ouch! That really hurt!
You die...

.# #.#
...####<##
.........# .
###.###..####..
#..##........
##...........
#......J.....
#...#..JJ......
.!# #..@lh.....
# #...J...###
#.......#
..>##.......
.... ..#####
....#. #.#
#..... .. ... .
...


You could see a very large slime creature, 3 slime creatures, a black bear and
an iguana.

Vanquished Creatures
  Sigmund (D:2)
  A water moccasin (D:5)
  Duvessa (D:4)
  2 necrophages
  An ogre (D:4)
  2 sky beasts (D:6)
  2 phantoms
  An elf zombie (Ossuary)
  A scorpion (D:6)
  A wyvern zombie (D:7)
  Dowan (D:4)
  2 centaur zombies (Ossuary)
  2 howler monkeys
  2 bullfrog zombies (D:5)
  2 hounds
  A human zombie (Ossuary)
  A jelly (D:5)
  4 orc priests
  A bullfrog skeleton (D:5)
  A gnoll shaman (D:5)
  A centaur skeleton (D:6)
  An iguana (D:6)
  4 orc wizards
  A killer bee zombie (D:5)
  A hound zombie (Ossuary)
  3 mummies (Ossuary)
  5 gnolls (D:5)
  4 adders
  A white imp (D:6)
  An ufetubus (D:4)
  4 adder zombies (Ossuary)
  A dart slug (D:2)
  29 orcs
  9 bats
  8 endoplasms
  A giant cockroach (D:2)
  7 goblins
  4 hobgoblins
  3 quokkas
  6 ball pythons
  2 frilled lizards
  2 gnoll zombies (Ossuary)
  2 goblin zombies (Ossuary)
  3 hobgoblin zombies (Ossuary)
  4 jackal zombies (Ossuary)
  7 kobolds
  3 kobold zombies (Ossuary)
  3 orc zombies (Ossuary)
  4 quokka zombies (Ossuary)
  3 rats
  3 rat zombies (Ossuary)
160 creatures vanquished.

Vanquished Creatures (others)
  6 plants (D:2)
6 creatures vanquished.

Grand Total: 166 creatures vanquished

Notes
Turn   | Place    | Note
-------+----------+-------------------------------------------
     0 | D:1      | terff the Demonspawn Monk began the quest for the Orb.
     0 | D:1      | Reached XP level 1. HP: 18/18 MP: 1/1
   469 | D:1      | Gained mutation: You may rarely emit foul miasma when
                  | damaged in melee. [demonic ancestry]
   469 | D:1      | Reached XP level 2. HP: 24/24 MP: 2/2
  1063 | D:2      | Noticed Sigmund
  1077 | D:2      | Killed Sigmund
  1078 | D:2      | Reached skill level 3 in Axes
  1078 | D:2      | Reached skill level 1 in Armour
  1078 | D:2      | Gained mutation: You sometimes emit foul miasma when
                  | damaged in melee. [demonic ancestry]
  1078 | D:2      | Reached XP level 3. HP: 14/30 MP: 3/3
  1078 | D:2      | Reached XP level 4. HP: 17/37 MP: 4/4
  1078 | D:2      | Gained mutation: You have a small tail. [demonic ancestry]
  1078 | D:2      | Reached XP level 5. HP: 19/42 MP: 5/5
  1429 | D:2      | Found a faded altar of an unknown god.
  2741 | D:3      | Reached skill level 4 in Axes
  3335 | D:3      | Found a sparkling altar of Nemelex Xobeh.
  3799 | D:3      | You fall into a shaft and drop 2 floors!
  3799 | D:5      | Entered Level 5 of the Dungeon
  3820 | D:5      | Reached XP level 6. HP: 39/48 MP: 6/6
  3820 | D:5      | Noticed a water moccasin
  3840 | D:5      | Killed a water moccasin
  4170 | D:6      | Noticed a sky beast
  4197 | D:6      | Killed a sky beast
  4198 | D:6      | Reached skill level 5 in Axes
  4198 | D:6      | Gained mutation: You frequently emit foul miasma when
                  | damaged in melee. [demonic ancestry]
  4198 | D:6      | Reached XP level 7. HP: 26/55 MP: 7/7
  4419 | D:6      | Found a sand-covered staircase.
  4425 | Ossuary  | Entered an ossuary
  5155 | Ossuary  | Reached skill level 6 in Axes
  5351 | D:6      | Reached XP level 8. HP: 60/61 MP: 8/8
  5477 | D:4      | Found a shimmering blue altar of Sif Muna.
  5593 | D:4      | Identified the +3 ring mail "Mamaur" {Dex+4}
  6013 | D:4      | Noticed Duvessa
  6014 | D:4      | Noticed Dowan
  6029 | D:4      | Killed Duvessa
  6030 | D:4      | Reached skill level 5 in Fighting
  6030 | D:4      | Killed Dowan
  6551 | D:5      | Reached skill level 7 in Axes
  7250 | D:5      | Identified the +4 scale mail of Birdsong {Harm Int+3}
  7648 | D:6      | Gained mutation: You are partially covered in razor-sharp
                  | scales. (AC +1, Slay +1) [demonic ancestry]
  7648 | D:6      | Reached XP level 9. HP: 14/68 MP: 9/9
  8464 | D:6      | Found a staircase to the Ecumenical Temple.
  8470 | Temple   | Entered the Ecumenical Temple
  8479 | Temple   | Became a worshipper of Warmaster Okawaru
  8479 | Temple   | Reached * piety under Okawaru
  8479 | Temple   | Reached ** piety under Okawaru
  8620 | D:7      | Demolished by a very large slime creature

Illustrated notes

Levels and vault maps discovered:
D:1:      lordsloth_arrival_two_stooges, layout_basic, minmay_small_reverse_x
D:2:      layout_loops_corners, serial_forest, infiniplex_forest_clump_cross,
          infiniplex_forest_lined_room_, infiniplex_forest_end_2,
          infiniplex_forest_end_3, infiniplex_forest_clump_large,
          infiniplex_forest_straight_2, infiniplex_forest_lined_room_2,
          shapermc_ecumenical_altar_pompeii, mrwooster_statue_mirror,
          uniq_sigmund
D:3:      layout_basic, mainiacjoe_overflow_tiny_flanked
D:4:      cheibrodos_pilgrimage, layout_rooms, tgw_sif, uniq_duvessa
D:5:      layout_loops_ring, dk_noncrumbling_2
D:6:      layout_gridville, minmay_temple_entry_enclosed_plants,
          nicolae_ossuary_entry_plus
D:7:      layout_rooms, serial_shops, nicolae_shop_waterfront
Temple:   dshaligram_water_room_temple

Skill      XL: |  1  2  3  4  5  6  7  8 |
---------------+-------------------------+-----
Dodging        | 3 4 |  4.9
Axes           | 3 4 5 6 7 |  7.8
Armour         | 1 2 3 4 |  4.7
Stealth        | 2 3 |  3.2
Fighting       | 4 5 |  5.6
Shields        | |  0.1

Action                   |  1- 3 |  4- 6 |  7- 9 || total
-------------------------+-------+-------+-------++-------
Melee: Hand axe          |    46 |   171 |   372 ||   589
       Tailslap          |       |    27 |    62 ||    89
       Punch             |       |       |     4 ||     4
Invok: Heroism           |       |       |     1 ||     1
  Use: Scroll            |       |     6 |     5 ||    11
       Potion            |       |     1 |     1 ||     2
 Stab: Sleeping          |     1 |     2 |     1 ||     4
Armor: Robe              |     1 |       |       ||     1
       Ring mail         |     8 |    58 |   167 ||   233
Dodge: Dodged            |    25 |   122 |   235 ||   382
Block: Buckler           |       |       |    18 ||    18
